 Dungeon Crawl Stone Soup version 0.25.0-26-g0c896c7088 (webtiles) character file.

Game seed: 4262417083462216818

18 Exodus22XD the Sneak (level 2, -2/11 HPs)
             Began as a Felid Enchanter on July 4, 2020.
             Slain by an adder (3 damage)
             ... on level 2 of the Dungeon.
             The game lasted 00:02:17 (1630 turns).

Exodus22XD the Sneak (Felid Enchanter)              Turns: 1630, Time: 00:02:18

Health: -2/11      AC:  1    Str:  2 (4)  XL:     2   Next: 51%
Magic:  4/6        EV: 18    Int: 13 (16) God:
Gold:   59         SH:  0    Dex: 15 (16) Spells: 2/5 levels left
                                        Lives:  0   Deaths: 0

rFire    + . .     SeeInvis +     - Unarmed
rCold    x . .     Gourm    .   (shield unavailable)
rNeg     . . .     Faith    .   (armour unavailable)
rPois    .         Spirit   .   (helmet unavailable)
rElec    .         Reflect  .   (cloak unavailable)
rCorr    .         Harm     .   (gloves unavailable)
MR       .....                  (boots unavailable)
Stlth    +++.......             (no amulet)
HPRegen  0.03/turn              c - ring of fire
MPRegen  0.10/turn              (no ring)

@: mighty, brilliant, lethally poisoned (-2 -> -9), quick
A: very small, no armour, no weapons or thrown items, stealth, claws 1, fangs 3,
see invisible, carnivore, speed 1, shaggy fur 1, slow metabolism 1, sharp paws
a: no special abilities


You were on level 2 of the Dungeon.
You were very full.

You visited 1 branch of the dungeon, and saw 2 of its levels.

You collected 59 gold pieces.

Inventory:

Jewellery
 c - a ring of fire (left paw)
Scrolls
 d - a scroll of amnesia {unknown}
 f - 2 scrolls of teleportation {unknown}
Potions
 a - a potion of magic {unknown}
 g - a potion of might
 h - a potion of degeneration
Comestibles
 b - 2 rations


   Skills:
 - Level 2.6 Dodging
 + Level 5.4 Stealth
 - Level 1.0 Unarmed Combat
 - Level 2.0 Spellcasting
 - Level 4.4 Hexes


You had 2 spell levels left.
You knew the following spells:

 Your Spells              Type           Power        Failure   Level  Hunger
a - Corona                Hex            ###....      4%          1    None
b - Ensorcelled Hibernat  Hex/Ice        ##....       16%         2    None

Your spell library contained the following spells:

 Spells                   Type           Power        Failure   Level  Hunger
 Confusing Touch          Hex            ###.....     13%         3    None
 Tukima's Dance           Hex            ###.....     13%         3    None
 Dazzling Flash           Conj/Hex       ##....       30%         3    None


Dungeon Overview and Level Annotations

Branches:
Dungeon (2/15)

Altars:
Ashenzari


Innate Abilities, Weirdness & Mutations

You cannot wear armour.
You are incapable of wielding weapons or throwing items.
Your paws allow you to move quietly. (Stealth)
You have sharp claws.
You have razor-sharp teeth.
You have supernaturally acute eyesight. (SInv)
You are carnivorous and can eat meat at any time.
You cover ground quickly.
You are covered in fur. (AC +1)
You have a slow metabolism.
Your sharp claws are effective at attacking unaware monsters.


Message History

You scratch the adder.
The adder is severely wounded.
* * * LOW HITPOINT WARNING * * *
You feel sick. The adder bites you.
* * * LOW HITPOINT WARNING * * *
You closely miss the adder.
The adder is severely wounded.
The adder closely misses you.
It was a potion of might.
You feel very mighty all of a sudden. The adder misses you.
The adder closely misses you.
It was a potion of degeneration.
There was something very wrong with that liquid.
You feel weakened.
You feel dopey.
You feel clumsy. The adder closely misses you.
It was a potion of brilliance.
You feel clever all of a sudden.
* * * LOW HITPOINT WARNING * * *
You feel sick. The adder bites you.
You die...

#.#.## #.#... ♣## #.#.#.
♣♣ ♣.# #.#.._ ♣. ♣.#
#.###. .#. ♣.
♣♣)####.....
....♣♣.♣♣♣♣♣♣...........
.#....♣.♣..♣..♣....#####
.).....@..♣.♣...........
.(....S#...........#####
.......#...........#
#.....##...........#
#.....#............#
#.....#.####.####..#
##### #. .... #.## #.
.... #. ....


You could see an adder (corona).

Vanquished Creatures
  2 dart slugs (D:1)
  A giant cockroach (D:1)
  2 goblins (D:1)
  A hobgoblin (D:1)
  A ball python (D:1)
  2 bats (D:1)
  A frilled lizard (D:1)
  3 kobolds (D:1)
  2 rats (D:1)
15 creatures vanquished.

Notes
Turn   | Place    | Note
-------+----------+-------------------------------------------
     0 | D:1      | Exodus22XD the Felid Enchanter began the quest for the Orb.
     0 | D:1      | Reached XP level 1. HP: 7/7 MP: 4/4
   689 | D:1      | Reached skill level 5 in Stealth
   689 | D:1      | Reached XP level 2. HP: 2/11 MP: 4/6
  1045 | D:1      | Learned a level 2 spell: Ensorcelled Hibernation
  1593 | D:2      | Found a shattered altar of Ashenzari.
  1630 | D:2      | Slain by an adder

Illustrated notes

Levels and vault maps discovered:
D:1:      tarquinn_simple_flora_water_e, layout_loops_cross,
          minmay_misc_feat_pillars
D:2:      layout_basic, grunt_temple_overflow_holy_war, ashenzari_altar_1,
          nicolae_dithmenos_through_a_glass_darkly, old_standard_altar,
          chequers_ecumenical_altar_grove, uniq_sigmund

Skill      XL: |  1 |
---------------+----+-----
Stealth        | 5 |  5.4
Dodging        | |  2.6
Unarmed Combat | |  1.0
Spellcasting   | |  2.0
Hexes          | |  4.4

Action                   || total
-------------------------++-------
Melee: Unarmed           ||    68
       Bite              ||     4
       Punch             ||     1
 Cast: Corona            ||     8
  Use: Potion            ||     3
 Stab: Sleeping          ||     3
  Eat: Chunk             ||     8
Armor: Skin              ||     4
Dodge: Dodged            ||    55
